 Dungeon Crawl Stone Soup version 0.17.1-3-g152610e (webtiles) character file.

143 kaze the Skirmisher (level 5, 0/41 HPs)
             Began as a Demonspawn Fighter on Apr 19, 2016.
             Was a Follower of Makhleb.
             Killed by divine providence
             ... invoked by an orc priest
              (17 damage)
             ... on level 3 of the Dungeon.
             The game lasted 00:04:23 (1587 turns).

kaze the Skirmisher (Demonspawn Fighter)            Turns: 1587, Time: 00:04:24

Health: 0/41       AC: 17    Str: 14 (17) XL:     5   Next: 4%
Magic:  5/5        EV:  1    Int: 10      God:    Makhleb [*.....]
Gold:   143        SH:  8    Dex: 12      Spells: 0 memorised, 4 levels left

rFire  + . .     SeeInvis .     a - +0 war axe
rCold  . . .     Clarity  .     j - +0 plate armour
rNeg   . . .     SustAt   .     c - +0 shield
rPois  .         Gourm    .     p - +0 helmet
rElec  .         Spirit   .     (no cloak)
rCorr  .         Warding  .     n - +1 pair of gloves
rMut   .         Stasis   .     (no boots)
MR     .....                    (no amulet)
Stlth  ..........               (no ring)
                                (no ring)

@: not resistant to hostile enchantments, extremely unstealthy
A: icy blue scales 2, fire resistance 1
a: Renounce Religion


You were on level 3 of the Dungeon.
You worshipped Makhleb.
Makhleb was aware of your devotion.
You were not hungry.

You visited 1 branch of the dungeon, and saw 3 of its levels.

You collected 143 gold pieces.

Inventory:

Hand Weapons
 a - a +0 war axe (weapon)
Armour
 b - a +0 scale mail
 c - a +0 shield (worn)
 j - a +0 plate armour (worn)
 n - a +1 pair of gloves (worn)
 p - a +0 helmet (worn)
Scrolls
 f - a scroll of identify {unknown}
 i - a scroll of teleportation
 m - a scroll of remove curse
 o - 3 scrolls of blinking
Potions
 h - a potion of mutation {unknown}
 k - a potion of lignification {unknown}
Comestibles
 e - 3 bread rations
 l - 2 meat rations
 r - a slice of pizza


   Skills:
 + Level 3.6 Fighting
 + Level 2.6 Axes
 + Level 3.2 Armour
 + Level 1.3 Dodging
 + Level 3.6 Shields


You had 4 spell levels left.
You didn't know any spells.

Dungeon Overview and Level Annotations

Branches:
Dungeon (3/15)

Altars:
Makhleb


Innate Abilities, Weirdness & Mutations

You are mostly covered in icy blue scales (AC +3, EV -1).
Your flesh is heat resistant.


Message History

It was a potion of degeneration.
There was something very wrong with that liquid.
You feel weakened.
You hit the orc.
The orc is moderately wounded.
You block the orc's attack. The orc hits you but does no damage.
You hit the orc.
The orc is severely wounded.
The orc hits you but does no damage.
You hit the orc.
You kill the orc!
Makhleb accepts your kill.
You hit the orc.
The orc is moderately wounded.
You block the orc's attack.
The orc priest invokes the aid of Beogh against you.
Something smites you! The orc hits you but does no damage.
The orc priest invokes the aid of Beogh against you.
Something smites you!
You die...

................#.###............
#...............#.# #............
......#.........#+###............
#.....#..........................
#............(..........##.......
#..............................##
#)..............++#............##
#...............###.....†........
#...............@oo.....)).###...
#...............##.........# ...
##...#############.........# ..
#............##............# ..
#............##†...........# ..
.....................##....# ..
.........o........##...># .
........................#
.......o..............


You could see an orc priest and an orc.

Vanquished Creatures
  Terence (D:3)
  4 gnolls (D:2)
  2 adders (D:3)
  An ooze (D:2)
  2 giant geckos
  3 orcs (D:3)
  7 bats
  A giant cockroach (D:2)
  6 hobgoblins
  A ball python (D:1)
  7 giant newts
  10 goblins
  9 kobolds
  A rat (D:1)
55 creatures vanquished.

Notes
Turn   | Place    | Note
--------------------------------------------------------------
     0 | D:1      | kaze the Demonspawn Fighter began the quest for the Orb.
     0 | D:1      | Reached XP level 1. HP: 18/18 MP: 1/1
   167 | D:1      | Gained mutation: You are partially covered in icy blue scales (AC +1). [demonic ancestry]
   167 | D:1      | Reached XP level 2. HP: 24/24 MP: 2/2
   615 | D:2      | Reached XP level 3. HP: 22/29 MP: 3/3
   669 | D:2      | Reached skill level 1 in Dodging
   674 | D:2      | Gained mutation: You are mostly covered in icy blue scales (AC +3, EV -1). [demonic ancestry]
   674 | D:2      | Reached XP level 4. HP: 10/35 MP: 4/4
   701 | D:2      | Found a burning altar of Makhleb.
   730 | D:2      | Became a worshipper of Makhleb the Destroyer
  1157 | D:3      | Noticed Terence
  1169 | D:3      | Killed Terence
  1506 | D:3      | Reached * piety under Makhleb
  1534 | D:3      | Gained mutation: Your flesh is heat resistant. [demonic ancestry]
  1534 | D:3      | Reached XP level 5. HP: 37/41 MP: 5/5
  1587 | D:3      | Killed from afar by an orc priest

Action                   |  1- 3 |  4- 6 || total
-------------------------+-------+-------++-------
Melee: War axe           |    70 |    95 ||   165
  Use: Potion            |     1 |     3 ||     4
       Scroll            |       |     8 ||     8
  Eat: Bread ration      |       |     1 ||     1
